 Dungeon Crawl Stone Soup version 0.22.0 (webtiles) character file.

32755 troglodite the Protected (level 13, -2/104 HPs)
             Began as a Demonspawn Berserker on Aug 10, 2018.
             Was an Elder of Trog.
             Killed from afar by a ynoxinul (24 damage)
             ... with an iron shot
             ... summoned by an orc sorcerer
             ... while paralysed by an orc sorcerer
             ... on level 2 of the Orcish Mines.
             The game lasted 00:50:26 (15508 turns).

troglodite the Protected (Demonspawn Berserker)    Turns: 15508, Time: 00:50:27

Health: -2/104     AC:  8    Str: 19    XL:     13   Next: 33%
Magic:  13/13      EV:  2    Int:  8    God:    Trog [****..]
Gold:   799        SH:  0    Dex: 17    Spells: 12/12 levels left

rFire    + . .     SeeInvis .   q - +4 war axe "Nojeq" {venom, rElec MR+}
rCold    + . .     Gourm    .   D - +3 buckler {rPois}
rNeg     + + .     Faith    .   F - +1 chain mail of the Circus Animal {rF+ rN+}
rPois    +         Spirit   .   e - +0 helmet
rElec    +         Reflect  .   y - +2 cloak
rCorr    .         Harm     .   (gloves unavailable)
MR       +....                  o - +1 pair of boots
Stlth    ++........             s - amulet of regeneration
HPRegen  0.67/turn              m - ring of positive energy
MPRegen  0.13/turn              B - ring of protection from cold

@: paralysed, corroded, berserk cooldown, slowed, studying Armour
A: claws 3, foul stench 1, nightstalker 1, rot immunity, sturdy frame 1
a: Berserk, Trog's Hand, Brothers in Arms, Renounce Religion


You were on level 2 of the Orcish Mines.
You worshipped Trog.
Trog was greatly pleased with you.
You were very hungry.

You visited 2 branches of the dungeon, and saw 14 of its levels.
You also visited: Labyrinth, Sewer and Bailey.

You collected 799 gold pieces.

Inventory:

Hand Weapons
 a - a +0 falchion
 q - the +4 war axe "Nojeq" (weapon) {venom, rElec MR+}
   (You found it on level 12 of the Dungeon)

   It poisons the flesh of those it strikes.
   It insulates you from electricity.
   It affects your resistance to hostile enchantments.
 E - a +1 scimitar of flaming
Armour
 e - a +0 helmet (worn)
 o - a +1 pair of boots (worn)
 y - a +2 cloak (worn)
 D - a +3 buckler of poison resistance (worn)
 F - the +1 chain mail of the Circus Animal (worn) {rF+ rN+}
   (You found it in a labyrinth)

   It protects you from fire.
   It protects you from negative energy.
 M - a scarf of cloud immunity
Jewellery
 b - an uncursed ring of positive energy
 d - an uncursed ring of fire {unknown}
 k - an uncursed ring of flight
 m - a ring of positive energy (left claw)
 s - an amulet of regeneration (around neck)
 x - an uncursed amulet of the acrobat
 B - a ring of protection from cold (right claw)
 C - a +3 ring of dexterity
Wands
 l - a wand of paralysis (18)
 t - a wand of polymorph (19)
 u - a wand of random effects (17)
 A - a wand of clouds (6)
 R - a wand of digging (15)
Scrolls
 i - a scroll of fear
 r - 7 scrolls of teleportation
 H - a scroll of brand weapon {unknown}
 P - 2 scrolls of blinking
Potions
 f - 8 potions of heal wounds
 g - a potion of resistance
 h - 6 potions of berserk rage
 j - 7 potions of curing
 n - 4 potions of magic
 p - 6 potions of mutation
 v - 4 potions of brilliance
 w - 4 potions of might
 K - a potion of cancellation
 L - 2 potions of invisibility
 N - a potion of agility
 O - a potion of ambrosia {unknown}
Books
 z - a manual of Armour
Comestibles
 c - 14 rations
 G - 14 chunks of flesh


   Skills:
 * Level 10.6 Fighting
 + Level 7.1 Long Blades
 + Level 0.6(4.4) Axes
   Level 7.2 Polearms
 * Level 11.1 Armour
 * Level 8.1 Dodging
 * Level 7.8 Stealth
 * Level 0.6 Shields


You had 12 spell levels left.
You didn't know any spells.
Your spell library was empty.

Dungeon Overview and Level Annotations

Branches:
Dungeon (12/15)            Temple (0/1) D:4            Lair (0/6) D:8
    Orc (2/2) D:10
    Elf: Orc:2

Altars:
Cheibriados
Gozag
Hepliaklqana
Kikubaaqudgha
Okawaru
Qazlal
Ru
Sif Muna
Trog
Uskayaw
Vehumet
Wu Jian
Xom
The Shining One

Shops:
D:9 [   D:10 *

Annotations:
Orc:2 Nessos


Innate Abilities, Weirdness & Mutations

You have claws for hands.
You may emit foul miasma when damaged in melee.
You are slightly more attuned to the shadows.
You are immune to rotting.
Your movements are slightly less encumbered by armour. (ER -2)


Message History

The rust devil corrodes you!
The ynoxinul gestures.
Nessos gestures wildly while chanting.
Nessos seems to speed up.
The orc warrior hits you but does no damage.
The orc sorcerer hits you but does no damage.
The orc high priest mumbles some strange prayers to Beogh against you.
Beogh smites you! The rust devil hits you. The rust devil corrodes you!
The ynoxinul hits you.
The orc sorcerer hits you but does no damage.
The orc warrior hits you with a war axe of chopping!
* * * LOW HITPOINT WARNING * * *
The orc high priest calls upon Beogh to heal the orc sorcerer.
The orc sorcerer is healed somewhat.
The orc warrior hits you but does no damage.
The rust devil hits you!
* * * LOW HITPOINT WARNING * * *
The rust devil corrodes you!
You emit a cloud of foul miasma!
The ynoxinul gestures at you. The iron shot hits you!
You die...

..........
..........#.
..#........
........#
........#
#..))## #
#..<<[#.#..#
##ยง4.5.....#
#4o@o5.....
...)ooo3......
......o5.....#
.....ooc.....##
............##
..#........##
..........


You could see Nessos, an orc high priest, an ice devil, a rust devil, a
ynoxinul, an orc sorcerer, 4 orc warriors, 2 orcs and 3 ufetubi.

Vanquished Creatures
  A minotaur (Lab)
  A hydra (D:11)
  A centaur warrior (D:10)
  Erica (D:8)
  2 death yaks (D:8)
  The ghost of sefi the Spear-Bearer, a novice MfSu of Hepliaklqana (D:10)
  The ghost of Aviak the Skirmisher, a novice CeGl of Yredelemnul (D:9)
  Pikel (D:4)
  An orc knight (Bailey)
  Joseph (D:9)
  A komodo dragon (D:11)
  A troll (D:9)
  A hornet (D:12)
  2 slime creatures (D:12)
  2 hippogriffs
  2 redbacks (Lab)
  A vampire (D:10)
  Eustachio (D:6)
  2 humans (D:9)
  A wyvern (D:11)
  2 hungry ghosts
  Menkaure (D:6)
  2 wargs (Orc:2)
  3 sky beasts
  A water moccasin (D:6)
  A black bear (D:8)
  An ice beast (D:7)
  8 orc warriors
  2 eyes of draining
  3 phantoms
  6 ogres
  2 centaurs
  8 big kobolds
  15 bullfrogs
  2 scorpions
  23 killer bees
  2 howler monkeys
  A wight (D:12)
  2 electric eels (D:9)
  A bullfrog zombie (D:11)
  6 crimson imps
  9 orc priests
  2 quasits
  5 hounds
  3 jellies
  3 bullfrog skeletons
  4 iguanas
  6 orc wizards
  8 worker ants
  A killer bee zombie (D:5)
  A hound zombie (D:5)
  2 hound skeletons
  17 gnolls
  18 adders
  2 river rats
  A shadow imp (D:5)
  A white imp (D:8)
  6 oozes
  An adder zombie (D:7)
  2 adder skeletons
  8 worms
  3 dart slugs
  4 leopard geckos
  52 orcs
  6 ball pythons
  4 giant cockroaches (D:3)
  5 goblins
  23 hobgoblins
  2 jackals (D:9)
  5 quokkas
  9 bats
  5 frilled lizards
  A goblin skeleton (D:8)
  A goblin zombie (D:8)
  A hobgoblin zombie (D:8)
  23 kobolds
  A kobold skeleton (D:8)
  3 orc skeletons (D:8)
  3 orc zombies (D:8)
  A quokka skeleton (D:6)
  12 rats
381 creatures vanquished.

Vanquished Creatures (collateral kills)
  5 death yaks
  Sonja (D:10)
  An orange crystal statue (D:10)
  An ugly thing (D:11)
  3 slime creatures (D:12)
  A hippogriff (D:7)
  2 orc warriors (D:11)
  2 phantoms
  3 killer bees (D:9)
  2 wights (D:12)
  A jelly (D:11)
  An orc wizard (D:11)
  An adder (D:11)
  A leopard gecko (D:11)
  3 orcs
28 creatures vanquished.

Vanquished Creatures (others)
  Sigmund (D:4)
  An orc (D:4)
  A giant cockroach (D:4)
  4 fungi (Orc:2)
7 creatures vanquished.

Grand Total: 416 creatures vanquished

Notes
Turn   | Place    | Note
-------+----------+-------------------------------------------
     0 | D:1      | troglodite the Demonspawn Berserker began the quest for the Orb.
     0 | D:1      | Reached XP level 1. HP: 18/18 MP: 1/1
    17 | D:1      | Gained mutation: You are slightly more attuned to the shadows. [demonic ancestry]
    17 | D:1      | Reached XP level 2. HP: 24/24 MP: 2/2
   281 | D:1      | Reached skill level 2 in Armour
   554 | D:1      | Gained mutation: Your movements are slightly less encumbered by armour. (ER -2) [demonic ancestry]
   554 | D:1      | Reached XP level 3. HP: 29/29 MP: 3/3
   647 | D:2      | Gained mutation: You have sharp fingernails. [demonic ancestry]
   647 | D:2      | Reached XP level 4. HP: 27/37 MP: 4/4
  1346 | D:2      | Reached ** piety under Trog
  1346 | D:2      | Reached skill level 1 in Stealth
  1487 | D:3      | Noticed a hand axe
  1487 | D:3      | Noticed a dagger
  1504 | D:3      | Found a hide-covered altar of Uskayaw.
  1551 | D:3      | Reached XP level 5. HP: 42/42 MP: 5/5
  1885 | D:3      | Reached skill level 1 in Polearms
  1941 | D:3      | Found a glowing drain.
  1960 | Sewer    | Entered a sewer
  1995 | Sewer    | Reached skill level 3 in Armour
  2186 | Sewer    | Gained mutation: You are immune to rotting. [demonic ancestry]
  2186 | Sewer    | Reached XP level 6. HP: 41/48 MP: 6/6
  2308 | Sewer    | Reached *** piety under Trog
  2491 | Sewer    | Reached XP level 7. HP: 53/55 MP: 7/7
  2674 | Sewer    | Reached skill level 4 in Armour
  3614 | D:3      | Found an opulent altar of Gozag.
  3622 | D:3      | Found an ancient bone altar of Kikubaaqudgha.
  3630 | D:3      | Found a shimmering altar of Xom.
  4129 | D:4      | Noticed Pikel
  4144 | D:4      | Killed Pikel
  4144 | D:4      | Reached skill level 5 in Fighting
  4144 | D:4      | Gained mutation: You have very sharp fingernails. [demonic ancestry]
  4144 | D:4      | Reached XP level 8. HP: 62/62 MP: 8/8
  4161 | D:4      | Noticed Sigmund
  4186 | D:4      | Killed Sigmund
  4222 | D:4      | Found a radiant altar of Vehumet.
  4276 | D:4      | Reached skill level 5 in Armour
  4335 | D:4      | Found a hazy altar of Hepliaklqana.
  4615 | D:4      | Found an ornate altar of the Wu Jian Council.
  4899 | D:4      | Found a staircase to the Ecumenical Temple.
  5198 | D:4      | Found a deep blue altar of Sif Muna.
  5240 | D:5      | Entered Level 5 of the Dungeon
  5289 | D:5      | Received a gift from Trog
  5420 | D:5      | Found a bloodstained altar of Trog.
  5450 | D:5      | Reached **** piety under Trog
  6270 | D:6      | Reached XP level 9. HP: 64/69 MP: 9/9
  6329 | D:6      | Found a snail-covered altar of Cheibriados.
  6367 | D:6      | Reached skill level 6 in Armour
  6374 | D:6      | Noticed Menkaure
  6382 | D:6      | Killed Menkaure
  6382 | D:6      | Reached skill level 5 in Polearms
  6480 | D:6      | Noticed Eustachio
  6553 | D:6      | Killed Eustachio
  7204 | D:7      | Reached skill level 5 in Stealth
  7364 | D:7      | Reached skill level 7 in Armour
  7421 | D:7      | Found a flagged portal.
  7540 | Bailey   | Entered a bailey
  7604 | Bailey   | Reached skill level 5 in Dodging
  7632 | Bailey   | Received a gift from Trog
  7687 | Bailey   | Noticed an orc knight
  7706 | Bailey   | Killed an orc knight
  7706 | Bailey   | Reached XP level 10. HP: 35/79 MP: 10/10
  7737 | Bailey   | Reached ***** piety under Trog
  9039 | D:8      | Found a glowing golden altar of the Shining One.
  9062 | D:8      | Received a gift from Trog
  9119 | D:8      | Noticed Erica
  9437 | D:8      | Noticed a death yak
  9442 | D:8      | Noticed a death yak
  9443 | D:8      | Noticed a death yak
  9464 | D:7      | Killed a death yak
  9464 | D:7      | Reached skill level 8 in Armour
  9676 | D:8      | Killed a death yak
  9929 | D:8      | Killed Erica
 10003 | D:8      | Found a staircase to the Lair.
 10003 | D:8      | Noticed a death yak
 10007 | D:8      | Noticed a death yak
 10007 | D:8      | Noticed a death yak
 10008 | D:8      | Noticed a death yak
 10012 | D:8      | Killed a death yak
 10014 | D:8      | Killed a death yak
 10014 | D:8      | Gained mutation: You have claws for hands. [demonic ancestry]
 10014 | D:8      | Reached XP level 11. HP: 86/86 MP: 11/11
 10016 | D:8      | Killed a death yak
 10016 | D:8      | Reached skill level 9 in Armour
 10019 | D:8      | Killed a death yak
 10019 | D:8      | Killed a death yak
 10313 | D:8      | Found a stormy altar of Qazlal.
 11723 | D:9      | Found a runed gate.
 11723 | D:9      | Found a runed gate.
 11723 | D:9      | Found a runed gate.
 11730 | D:9      | Noticed Aviak's ghost (novice CeGl)
 11744 | D:9      | Killed Aviak's ghost
 11836 | D:9      | Found an iron altar of Okawaru.
 11889 | D:9      | Noticed Joseph
 11902 | D:9      | Killed Joseph
 11935 | D:9      | Found Zasyod's Armour Shop.
 12054 | D:10     | Entered Level 10 of the Dungeon
 12063 | D:10     | Found a runed door.
 12068 | D:10     | Noticed sefi's ghost (novice MfSu)
 12068 | D:10     | Noticed a centaur warrior
 12084 | D:10     | Killed sefi's ghost
 12084 | D:10     | Reached skill level 5 in Long Blades
 12089 | D:10     | Killed a centaur warrior
 12145 | D:10     | Found Meon's General Store.
 12212 | D:10     | Found a staircase to the Orcish Mines.
 12241 | D:10     | Noticed an orange crystal statue
 12243 | D:10     | Noticed Sonja
 12246 | D:10     | Killed an orange crystal statue
 12666 | D:10     | Killed Sonja
 12804 | D:10     | Found a sacrificial altar of Ru.
 13084 | D:11     | Reached skill level 10 in Armour
 13153 | D:11     | Noticed a red ugly thing
 13170 | D:11     | Killed a red ugly thing
 13379 | D:11     | Gained mutation: You may emit foul miasma when damaged in melee. [demonic ancestry]
 13379 | D:11     | Reached XP level 12. HP: 81/95 MP: 12/12
 13682 | D:11     | Noticed a seven-headed hydra
 13692 | D:11     | Killed a four-headed hydra
 14159 | D:12     | Found a labyrinth entrance.
 14171 | Lab      | Entered a labyrinth
 14172 | Lab      | Identified a scroll of acquirement
 14181 | Lab      | Reached skill level 10 in Fighting
 14181 | Lab      | Reached XP level 13. HP: 104/104 MP: 13/13
 14542 | Lab      | Noticed a minotaur
 14559 | Lab      | Killed a minotaur
 14559 | Lab      | Reached skill level 11 in Armour
 14762 | Lab      | Got a dazzling chain mail
 14778 | Lab      | Identified the +1 chain mail of the Circus Animal {rF+ rN+} (You found it in a labyrinth)
 15079 | D:12     | Got a warped war axe
 15094 | D:12     | Identified the +4 war axe "Nojeq" {venom, rElec MR+} (You found it on level 12 of the Dungeon)
 15329 | Orc:1    | Entered Level 1 of the Orcish Mines
 15398 | Orc:2    | Entered Level 2 of the Orcish Mines
 15503 | Orc:2    | Noticed Nessos
 15507 | Orc:2    | Paralysed by an orc sorcerer for 4 turns
 15508 | Orc:2    | Killed from afar by a ynoxinul

Skill      XL: |  1  2  3  4  5  6  7  8  9 10 11 12 13 |
---------------+----------------------------------------+-----
Long Blades    | 3 5 6 7 |  7.1
Armour         | 2 3 4 5 7 8 10 11 | 11.1
Dodging        | 2 3 4 5 6 8 |  8.1
Stealth        | 1 2 3 4 5 6 7 |  7.8
Fighting       | 4 5 7 8 9 10 | 10.6
Polearms       | 1 2 3 4 6 7 |  7.2
Axes           | |  0.6
Shields        | |  0.6

Action                   |  1- 3 |  4- 6 |  7- 9 | 10-12 | 13-15 || total
-------------------------+-------+-------+-------+-------+-------++-------
Melee: Falchion          |    64 |     2 |       |       |       ||    66
       Spear             |       |   223 |   631 |   260 |       ||  1114
       Scimitar          |       |       |       |   463 |    52 ||   515
       War axe           |       |       |       |       |    35 ||    35
Invok: Berserk           |     2 |     4 |    10 |    16 |     3 ||    35
       Brothers in Arms  |       |       |       |     8 |     1 ||     9
Evoke: Wand              |       |       |       |       |     1 ||     1
  Use: Scroll            |       |     5 |     8 |    13 |     4 ||    30
       Potion            |       |       |       |     3 |       ||     3
 Stab: Sleeping          |     2 |     1 |     5 |     1 |     1 ||    10
       Fleeing           |       |       |     1 |       |       ||     1
  Eat: Chunk             |       |    11 |    26 |    24 |     2 ||    63
       Ration            |       |       |     2 |     5 |     2 ||     9
Armor: Animal skin       |     6 |       |       |       |       ||     6
       Scale mail        |    14 |   107 |    63 |       |       ||   184
       Chain mail        |       |       |   259 |   524 |    63 ||   846
       Skin              |       |       |     2 |       |       ||     2
Dodge: Dodged            |    50 |   115 |   356 |   533 |    71 ||  1125
Block: Buckler           |       |       |       |       |    49 ||    49
       Rpst.: Falchion   |    19 |       |       |       |       ||    19
       Scimitar          |       |       |       |   102 |    14 ||   116
